[Event "Late-Titled-Tuesday-Blitz-October-24-2023"]
[Site "Chess.com"]
[Date "2023.10.24"]
[Round "1"]
[White "HajiyevKanan"]
[Black "igorkovalenko"]
[Result "0-1"]
[WhiteElo "2509"]
[BlackElo "2927"]
[TimeControl "180+1"]
[EndTime "14:07:42 PDT"]
[Termination "igorkovalenko won by resignation"]

1. d4 Nf6 2. Nf3 g6 3. c4 Bg7 4. Nc3 d6 5. g3 Nc6 6. Bg2 O-O 7. O-O a6 8. b3 Rb8 9. Bb2 b5 10. cxb5 axb5 11. Rc1 b4 12. Na4 Bd7 13. Re1 Na5 14.
e4 Bxa4 15. bxa4 c6 16. Nd2 Nd7 17. Nb3 c5 18. e5 cxd4 19. exd6 e5 20. Rc7 Nxb3 21.
axb3 Rb6 22. Rc6 Rxc6 23. Bxc6 Nb8 24. Qf3 Qxd6 25. Bd5 Nd7 26. Rc1 Nf6 27. Bb7 Re8 28. a5 e4 29. Qf4 Qe6 30. Bxd4 Nd5 31. Bxd5 Qxd5 32. Bxg7 Kxg7 33. Rc4 Qd1+ 34. Kg2 Qxb3 35. Rxe4 Qd5 36. f3 Rxe4 37. Qxe4 Qxa5 38. Qd4+ Kf8 39.
Qh8+ Ke7 40. Qxh7 b3 41. Qh4+ Ke8 42. Qh8+ Ke7 43. Qh4+ f6 44. Qe4+ Kf8 45. Qxg6 Qd2+ 46. Kh3 Qd4 47. Qh6+ Ke8 48. Qh8+ Ke7 49. Qg7+ Kd6 50.
Qf8+ Kc6 51. Qc8+ Kb5 52. Qb7+ Kc4 53. Qa6+ Kc3 54. Qc6+ Kd2 55. f4 b2 56. Qg2+ Kc3 57. Qf3+ Qd3 58. Qf2 b1=Q 0-1

[Event "Late-Titled-Tuesday-Blitz-October-24-2023"]
[Site "Chess.com"]
[Date "2023.10.24"]
[Round "1"]
[White "Sjakkerntobi"]
[Black "GGuseinov"]
[Result "1-0"]
[WhiteElo "2509"]
[BlackElo "2844"]
[TimeControl "180+1"]
[EndTime "14:07:42 PDT"]
[Termination "Sjakkerntobi won by resignation"]

1. e4 c5 2. Nf3 g6 3. c3 d5 4. e5 Nc6 5. d4 cxd4 6. cxd4 Bg4 7. Bb5 Rc8 8. Nc3 Nh6 9. h3 Bxf3 10. Qxf3 Nf5 11.
Be3 e6 12. O-O Bg7 13. g4 Nxe3 14. fxe3 O-O 15. Rac1 Bh6 16. Ne2 Qg5 17. Nf4 Nxd4 18. exd4 Rxc1 19. Rxc1 Qxf4 20. Qxf4 Bxf4 21. Rc7 Be3+ 22.
Kf1 Bxd4 23. Rxb7 Rc8 24. Bd3 Rc1+ 25. Ke2 Rh1 26. Bb5 Rh2+ 27. Kd3 Bxe5 28. Be8 Rf2 29. Ke3 Rf4 30. Rxa7 g5 31. Rb7 Bd4+ 32. Kd3 Kf8 33. Bxf7 Rxf7 34. Rxf7+ Kxf7 35. Kxd4 Ke7 36. a4 Kd6 37. b4 e5+ 38. Kd3 Kc6 39. Kc3 Kc7 40.
Kd3 Kb7 41. Kc3 Ka6 42. Kd3 Kb6 43. Kc3 Kc6 44. Kd3 Kd6 45. Kc3 Ke6 46. Kd3 Ke7 47. Kc3 Kd7 48. Kd3 d4 49. Kc4 Kc6 50. a5 Kd6 51. b5 Kc7 52. b6+ Kc6 53. Kd3 Kb7 54. Ke4 Ka6 55. Kd3 h6 56. Ke4 Kb7 57. Kd3 Kc6 58. Kc4 Kb7 59. Kd3 Ka6 60. Kc4 Kb7 61.
Kb5 d3 62. a6+ Kb8 63. Kc6 d2 64. a7+ Ka8 65. Kc7 d1=Q 66. b7+ 1-0

[Event "Late-Titled-Tuesday-Blitz-October-24-2023"]
[Site "Chess.com"]
[Date "2023.10.24"]
[Round "1"]
[White "Korchmar_Vasiliy"]
[Black "Eloist"]
[Result "1-0"]
[WhiteElo "2774"]
[BlackElo "2446"]
[TimeControl "180+1"]
[EndTime "14:07:42 PDT"]
[Termination "Korchmar_Vasiliy won on time"]

1. e4 e6 2. d4 d5 3. e5 c5 4. c3 Qb6 5. Nf3 Bd7 6. Be2 cxd4 7. Nxd4 Bc5 8. O-O Ne7 9. Nb3 Bb5 10. Bxb5+ Qxb5 11.
Nxc5 Qxc5 12. Be3 Qc7 13. Na3 O-O 14. Nb5 Qd7 15. Nd6 Ng6 16. f4 f6 17. Qh5 Nc6 18. Bd4 Nxd4 19. cxd4 Qa4 20. Qd1 Qb4 21. Kh1 fxe5 22. dxe5 Rxf4 23. a3 Rxf1+ 24. Qxf1 Qf4 25. Qxf4 Nxf4 26. Nxb7 Nd3 27. b4 Nxe5 28. Re1 Rc8 29. h3 Nc4 30. Rxe6 Nxa3 31. Rd6 Rc4 32. Rxd5 Rxb4 33.
Rd7 a6 34. Nd6 Rb1+ 35. Kh2 h6 36. Ra7 Rb6 37. Nf5 Nb5 38. Rxg7+ Kf8 39. Ra7 Rf6 40. Ne3 Nd4 41. Nd5 Rd6 42. Nb4 1-0

[Event "Late-Titled-Tuesday-Blitz-October-24-2023"]
[Site "Chess.com"]
[Date "2023.10.24"]
[Round "1"]
[White "sofaceindisguise"]
[Black "arenal72"]
[Result "0-1"]
[WhiteElo "2742"]
[BlackElo "2445"]
[TimeControl "180+1"]
[EndTime "14:07:42 PDT"]
[Termination "arenal72 won by resignation"]

1. e4 Nc6 2. d4 d5 3. e5 Bf5 4. c3 Qd7 5. Bb5 a6 6. Ba4 f6 7. Nf3 O-O-O 8. O-O g5 9. Re1 h5 10.
b4 b5 11. Bc2 h4 12. a4 Kb7 13. axb5 axb5 14. Bxf5 Qxf5 15. Qe2 Na7 16. Be3 c6 17. Qa2 Nc8 18. Qa8+ Kc7 19. Nbd2 g4 20. Nb3 Kd7 21.
Nc5+ Ke8 22. Qxc6+ Kf7 23. exf6 gxf3 24. fxe7 Ngxe7 25. Qxb5 Rg8 26. g3 hxg3 27. fxg3 Qh3 28. Qf1 Rxg3+ 29. hxg3 Qxg3+ 30. Kh1 Bg7 31. Bh6 Rh8 32.
Re6 Bf6 33. Rxf6+ Kxf6 34. Ra6+ Nd6 35. Rxd6+ Qxd6 36. Qxf3+ Kg6 37. Kg2 Rxh6 38. Nd3 Qh2+ 39. Kf1 Qh1+ 40. Qxh1 Rxh1+ 41. Kg2 Rd1 42. Ne5+ Kf5 43. Kf2 Rc1 44. b5 Rxc3 45. Ke2 Rb3 46. Nf7 Ke6 47. Ne5 Rxb5 48. Nd3 Ra5 49. Kd2 Kd6 50.
Kc2 Nf5 51. Kc3 Ra3+ 0-1

[Event "Late-Titled-Tuesday-Blitz-October-24-2023"]
[Site "Chess.com"]
[Date "2023.10.24"]
[Round "1"]
[White "HalfIsCrayfish"]
[Black "MikeSailer"]
[Result "1-0"]
[WhiteElo "2546"]
[BlackElo "2043"]
[TimeControl "180+1"]
[EndTime "14:07:46 PDT"]
[Termination "HalfIsCrayfish won on time"]

1. e4 d5 2. Nc3 dxe4 3. Nxe4 Qd5 4. Qf3 Nc6 5. Ne2 Bf5 6. N2c3 Qe5 7. Bb5 Nf6 8.
Bxc6+ bxc6 9. d3 e6 10. Bf4 Bxe4 11. dxe4 Qa5 12. O-O Be7 13. a3 O-O 14. b4 Qb6 15. Be3 Qa6 16. e5 Nd5 17. Ne4 Nxe3 18. Qxe3 Qc4 19. c3 Rfd8 20. Rad1 Rd5 21. Ng3 a5 22. Rxd5 cxd5 23. Ne2 axb4 24. axb4 Ra3 25. h3 Bxb4 26.
Rb1 Bf8 27. Rb8 h6 28. Kh2 Ra2 29. Nf4 Qe4 30. Qg3 g6 31. Nh5 Qf5 32. Nf6+ Kg7 33. f4 Ra3 34. Ne8+ Kg8 35. Nf6+ Kg7 36. Qe3 Ra1 37.
Ne8+ Kg8 38. Kg3 g5 39. Nf6+ Kg7 40. fxg5 Qxg5+ 41. Qxg5+ hxg5 42. Nh5+ Kg6 43. Kg4 1-0

[Event "Late-Titled-Tuesday-Blitz-October-24-2023"]
[Site "Chess.com"]
[Date "2023.10.24"]
[Round "1"]
[White "APOKALIPSA13"]
[Black "OPQRC"]
[Result "0-1"]
[WhiteElo "2209"]
[BlackElo "2587"]
[TimeControl "180+1"]
[EndTime "14:07:47 PDT"]
[Termination "OPQRC won by resignation"]

1. e4 c5 2. Nf3 d6 3. Bc4 e6 4.
Nc3 Nc6 5. d4 cxd4 6. Nxd4 Nf6 7. Nxc6 bxc6 8. e5 dxe5 9. Qxd8+ Kxd8 10. Bg5 Kc7 11. Bxf6 gxf6 12. O-O-O Be7 13. Rhe1 Rb8 14. a3 Bb7 15. Rd3 Rbd8 16. Red1 f5 17. Rg3 Rdg8 18. Rdd3 e4 19. Rxg8 Rxg8 20. Rg3 Rxg3 21. hxg3 Bc5 22. Nd1 Kd6 23. Kd2 Ke5 24. b4 Bb6 25. c3 f4 26.
gxf4+ Kxf4 27. Ke2 h5 28. a4 a5 29. Ne3 h4 30. Nf1 Ke5 31. Ne3 f5 32. Nf1 f4 33.
Nh2 Kf5 34. f3 exf3+ 35. gxf3 e5 36. Bd3+ Ke6 37. Kf1 h3 38. Ng4 Bc8 39. Bc4+ Kd6 40.
Nh2 axb4 41. cxb4 Be3 42. b5 cxb5 43. axb5 Kc5 44. Bd3 Bd7 45. Ke2 Bxb5 46. Bxb5 Kxb5 47. Kd3 Kb4 48. Ke4 Bd4 49. Ng4 Kc3 50. Nh2 Kd2 51. Ng4 Ke2 52. Nh2 Kf2 53. Ng4+ Kg3 0-1

[Event "Late-Titled-Tuesday-Blitz-October-24-2023"]
[Site "Chess.com"]
[Date "2023.10.24"]
[Round "1"]
[White "FabianoCaruana"]
[Black "koncheto"]
[Result "0-1"]
[WhiteElo "3083"]
[BlackElo "2540"]
[TimeControl "180+1"]
[EndTime "14:07:48 PDT"]
[Termination "koncheto won by checkmate"]

1. b3 d5 2. Bb2 Bg4 3. f3 Bh5 4. e3 c5 5. Ne2 Bg6 6. h4 h6 7.
Nf4 Bh7 8. Bb5+ Nc6 9. Bxc6+ bxc6 10. d3 Qc7 11. Qd2 e5 12. Ne2 Nf6 13. Nbc3 Be7 14.
O-O-O d4 15. Na4 Nd5 16. e4 Ne3 17. Rdg1 Rb8 18. c4 f5 19. exf5 Nxf5 20. Kb1 Nxh4 21. Ng3 Bg5 22. Qe2 Ng6 23. Nh5 O-O 24. Nxc5 Qe7 25. Ne4 Be3 26. Re1 a5 27. Qc2 a4 28.
bxa4 Qa7 29. Ka1 Rb7 30. Ba3 Ra8 31. Nc5 Rf7 32. Rb1 Nf4 33. Nxf4 Bxf4 34. Rb3 Bg5 35.
Rhb1 Be7 36. Rb7 Qa5 37. Nb3 Qxa4 38. Bxe7 Bxd3 39. Qd2 Bxb1 40. Kxb1 Qxc4 41. Rc7 Qe6 42. Nc5 Qg6+ 43. Ne4 Re8 44. Bd6 Rxc7 45. Bxc7 Qe6 46. Bd6 Qd5 47. Bc5 Rb8+ 48. Ka1 Qc4 49. a3 Qf1+ 50.
Ka2 Qb1# 0-1

[Event "Late-Titled-Tuesday-Blitz-October-24-2023"]
[Site "Chess.com"]
[Date "2023.10.24"]
[Round "1"]
[White "mbojan"]
[Black "GiorgianBarbosa"]
[Result "1-0"]
[WhiteElo "2770"]
[BlackElo "2434"]
[TimeControl "180+1"]
[EndTime "14:07:48 PDT"]
[Termination "mbojan won by resignation"]

1. Nf3 Nf6 2. g3 e6 3. Bg2 d5 4.
O-O Be7 5. d3 O-O 6. Nbd2 b6 7. e4 Bb7 8. e5 Nfd7 9. Re1 c5 10.
Nf1 Nc6 11. h4 Re8 12. Bf4 f6 13. Bh3 f5 14. c4 Nf8 15. h5 dxc4 16. dxc4 Nb4 17.
Bg2 Nd3 18. Re2 Nxf4 19. Rd2 Qc7 20. gxf4 Rad8 21. Qe2 Rxd2 22. N3xd2 Bxg2 23. Kxg2 Rd8 24. Nf3 Qc6 25. Ng3 Rd4 26. Qe3 Rxc4 27. Rd1 Rc2 28. Nxf5 exf5 29. Qb3+ Ne6 30. Rd6 c4 31. Qxc2 Nxf4+ 32. Kg3 Bxd6 33. Kxf4 Be7 34. Qxf5 Qe8 35. Qe6+ Qf7+ 36.
Qxf7+ Kxf7 37. Ke4 Ke6 38. Nd4+ Kd7 39. Kd5 Bc5 40.
Kxc4 Bxd4 41. Kxd4 Ke6 42. Ke4 g6 43. hxg6 hxg6 44.
f4 b5 45. b4 a5 46. bxa5 Kd7 47. Kd5 Kc7 48. e6 1-0

[Event "Late-Titled-Tuesday-Blitz-October-24-2023"]
[Site "Chess.com"]
[Date "2023.10.24"]
[Round "1"]
[White "topin8"]
[Black "DopplerCharlotteDeWitte"]
[Result "0-1"]
[WhiteElo "2450"]
[BlackElo "2786"]
[TimeControl "180+1"]
[EndTime "14:07:50 PDT"]
[Termination "DopplerCharlotteDeWitte won on time"]

1. e4 c5 2. Nf3 e6 3. c3 d5 4. e5 d4 5. d3 Bd7 6. g3 Bc6 7. Bg2 Nd7 8. O-O Ne7 9. cxd4 cxd4 10.
Nbd2 Nf5 11. Re1 Be7 12. a3 h5 13. h4 Nc5 14. Ne4 Nxe4 15. dxe4 Nh6 16. Nxd4 Ng4 17.
b4 Nxe5 18. Bb2 Nc4 19. Bc3 Rc8 20. Qe2 Bd7 21. Nf3 O-O 22. Red1 Qc7 23. Rac1 Bb5 24. Qa2 Rfd8 25. Re1 Nb6 26. Bb2 Bc4 27. Qa1 Bf8 28. Be5 Qe7 29. Bd4 f6 30. Bc5 Qe8 31. Nd4 Bxc5 32.
bxc5 Rxc5 33. Bf1 Rdc8 34. Bxc4 Rxc4 35. Rxc4 Rxc4 36. Ne2 e5 37. Nc1 Qc6 38. f3 Rc2 39. Nd3 Qc4 40. Nb4 Qc5+ 41. Kh1 Rc3 42. Qd1 Qf2 43.
Qd8+ Kh7 44. Rd1 Qxf3+ 45. Kg1 Qxg3+ 46. Kh1 Qh3+ 47. Kg1 Rg3+ 0-1

[Event "Late-Titled-Tuesday-Blitz-October-24-2023"]
[Site "Chess.com"]
[Date "2023.10.24"]
[Round "1"]
[White "NotFischer"]
[Black "aghasiyevkamal"]
[Result "0-1"]
[WhiteElo "2236"]
[BlackElo "2590"]
[TimeControl "180+1"]
[EndTime "14:07:51 PDT"]
[Termination "aghasiyevkamal won by resignation"]

1. e4 e5 2. f4 d5 3. exd5 exf4 4. Nf3 Nf6 5. Bc4 Nxd5 6. O-O Be7 7. d4 Be6 8. Bxd5 Bxd5 9. Bxf4 O-O 10. Nc3 c6 11.
Qd3 Bf6 12. Rad1 Na6 13. a3 Re8 14. Ne5 Nc7 15. Rfe1 Ne6 16. Bg3 Qb6 17. Nxd5 cxd5 18. b3 Rac8 19. c4 dxc4 20. bxc4 Red8 21. Bf2 Qa6 22.
d5 Bxe5 23. Rxe5 Qxc4 24. Qxc4 Rxc4 25. Bxa7 Nc5 26. d6 Ne6 27. Rb5 Rd7 28. Bb8 Rc8 29. Ba7 g6 30. h3 Rc6 31. Rbd5 Ra6 32. Bb8 Rxa3 33. Rb1 Ra2 34. Rc1 Kg7 35. Bc7 Nf4 36. Rd4 Ne2+ 37. Kh1 Nxd4 38. Rb1 Ne6 39. Rxb7 Rc2 40.
Rb8 Nxc7 41. dxc7 Rcxc7 42. Rb2 Rd1+ 43. Kh2 h5 44. h4 Rc4 45. g3 Rdd4 46. Rf2 Rc5 47.
Kg2 Rcd5 48. Kf3 Rf5+ 49. Kg2 Rxf2+ 50. Kxf2 Rg4 0-1

[Event "Late-Titled-Tuesday-Blitz-October-24-2023"]
[Site "Chess.com"]
[Date "2023.10.24"]
[Round "1"]
[White "mind1mover"]
[Black "maximnovik"]
[Result "1/2-1/2"]
[WhiteElo "2819"]
[BlackElo "2485"]
[TimeControl "180+1"]
[EndTime "14:07:52 PDT"]
[Termination "Game drawn by repetition"]

1. Nf3 Nf6 2. b3 g6 3. Bb2 Bg7 4. g3 O-O 5. Bg2 d5 6. c4 c5 7.
cxd5 Nxd5 8. Bxg7 Kxg7 9. O-O Nc6 10. d4 cxd4 11. Nxd4 Nxd4 12. Qxd4+ Nf6 13. Qe5 Qb6 14.
Nc3 Be6 15. Na4 Qb4 16. Qc5 Qxc5 17. Nxc5 Rac8 18. Nxe6+ fxe6 19. Bxb7 Rc2 20. Bf3 Rd8 21. Rfc1 Rdd2 22. Rxc2 Rxc2 23. Kf1 e5 24. Ke1 e4 25.
Kd1 Rc5 26. Bg2 Ng4 27. Ke1 e3 28. fxe3 Nxe3 29. Be4 Nc2+ 30. Bxc2 Rxc2 31. Kf2 Rb2 32. Ke3 Kf6 33. Kd3 Ke5 34. Rf1 Ke6 35. Ra1 Ke5 36. h3 h5 37. Ke3 a5 38. Kd3 Kd5 39. h4 Ke5 40. Rf1 Rxa2 41. Rf7 Ke6 42. Rg7 Kf6 43. Rg8 Rb2 44. Rf8+ Ke6 45. Rb8 a4 46. Rb6+ Kf7 47.
b4 a3 48. e3 a2 49. Ra6 Rxb4 50. Rxa2 Rg4 51. Rf2+ Ke6 52. Rf3 Ke5 53. Rf7 e6 54.
Rf3 Kd5 55. Ke2 Ke5 56. Kd3 Ra4 57. Rf8 Rg4 58. Rf3 1/2-1/2

[Event "Late-Titled-Tuesday-Blitz-October-24-2023"]
[Site "Chess.com"]
[Date "2023.10.24"]
[Round "1"]
[White "giomar27"]
[Black "Lion-Al-Messi"]
[Result "0-1"]
[WhiteElo "2363"]
[BlackElo "2668"]
[TimeControl "180+1"]
[EndTime "14:07:54 PDT"]
[Termination "Lion-Al-Messi won on time"]

1. Nc3 d5 2. Nf3 d4 3. Nb1 Nf6 4. d3 c5 5. e4 dxe3 6. fxe3 Nc6 7. Be2 e5 8. e4 Bg4 9. O-O c4 10. Be3 cxd3 11. cxd3 Be7 12. Nbd2 O-O 13. h3 Be6 14. a3 Qd7 15. Rc1 Rad8 16. Qe1 h6 17. Qf2 b6 18. b4 Bd6 19. Nc4 Bxc4 20. Rxc4 Ne7 21. Rfc1 Ng6 22. Nh4 Nf4 23. Nf5 Bb8 24. Bf1 g6 25. Nxh6+ Kg7 26. Bxf4 exf4 27. Ng4 Nxg4 28. hxg4 Qxg4 29. Be2 Qg5 30. d4 Rh8 31. d5 Qh6 32. Kf1 Be5 33. Bg4 Qh1+ 34. Ke2 Qh2 35. Bh3 Rxh3 36. gxh3 Qxh3 37.
Qf3 Qh2+ 38. Qf2 Qh5+ 39. Qf3 Qg5 40. Rh1 Re8 41. Kd3 Bf6 42. Qh3 Qe5 43. Qh7+ Kf8 44.
Qh6+ Bg7 45. Qh2 f5 46. Qg2 Qd6 47. exf5 Re3+ 48. Kc2 Qe5 0-1

[Event "Late-Titled-Tuesday-Blitz-October-24-2023"]
[Site "Chess.com"]
[Date "2023.10.24"]
[Round "1"]
[White "ejalmedina"]
[Black "KNVB"]
[Result "0-1"]
[WhiteElo "2342"]
[BlackElo "2647"]
[TimeControl "180+1"]
[EndTime "14:07:56 PDT"]
[Termination "KNVB won on time"]

1. e4 e5 2. Nf3 Nc6 3. Bc4 Nf6 4. d3 h6 5. O-O d6 6. a4 g5 7. a5 a6 8. Nc3 Bg7 9. Nd5 Nxd5 10.
Bxd5 g4 11. Ne1 O-O 12. c3 Ne7 13. Bb3 Kh8 14. f4 gxf3 15. Nxf3 f5 16. exf5 Bxf5 17. d4 e4 18. Nh4 Bh7 19. Bf4 Ng6 20. Nxg6+ Bxg6 21. Qg4 Kh7 22. Rae1 d5 23. Qg3 c6 24. Bc7 Qg5 25. Qxg5 hxg5 26. Bd1 Bf5 27. b4 Kg6 28. Bd6 Rfd8 29. Bc5 Be6 30. h3 Rd7 31. Rf2 Rf7 32. Re3 Rxf2 33. Kxf2 Rd8 34. Re2 g4 35. Kg3 gxh3 36.
gxh3 Bh6 37. Rg2 Kh7 38. h4 Rg8+ 39. Kh2 Rxg2+ 40. Kxg2 Bd2 41. h5 Bxc3 42. Kf2 Bd2 43. Be2 Kh6 44. Kg3 Bg5 45. Bg4 Bxg4 46. Kxg4 Bf6 47.
Bb6 Kh7 48. Bc5 Kg8 49. Kf5 Bg7 50. Kf4 Bh6+ 51. Kg3 Kf7 52. Kf2 Ke6 0-1

[Event "Late-Titled-Tuesday-Blitz-October-24-2023"]
[Site "Chess.com"]
[Date "2023.10.24"]
[Round "1"]
[White "ExchangeAB"]
[Black "C_K_G"]
[Result "0-1"]
[WhiteElo "2523"]
[BlackElo "1928"]
[TimeControl "180+1"]
[EndTime "14:07:57 PDT"]
[Termination "C_K_G won by checkmate"]

1. d4 d5 2. Nc3 e6 3. Bf4 Nf6 4. e3 Bd6 5. Bd3 c5 6. dxc5 Bxf4 7. exf4 a6 8. Qd2 Qc7 9. Qe3 Nbd7 10. b4 O-O 11.
Nf3 Re8 12. O-O e5 13. fxe5 Nxe5 14. Nxe5 Rxe5 15. Qg3 Qe7 16. h3 h6 17. Na4 Rg5 18. Qe3 Qxe3 19. fxe3 Bxh3 20. Rf2 Re8 21. Re1 Bd7 22. Nb6 Bc6 23. a4 d4 24. e4 Bxe4 25.
Bxe4 Nxe4 26. Rfe2 Rge5 27. Nc4 R5e6 28. Rd1 Nxc5 29.
Red2 Nxa4 30. Rxd4 b5 31. Na5 Nc3 32. R1d2 Ne2+ 33. Kh2 Nxd4 34. Rxd4 Re2 35. c4 bxc4 36. Rxc4 Rb2 37. Rg4 Ree2 38. Nc6 g6 39. Nb8 Ra2 40.
Nd7 Kg7 41. Nc5 h5 42. Rg3 Kh6 43. Kh3 g5 44. Nd3 f5 45. Nc5 f4 46. Rd3 Rxg2 47. Rd6+ Kg7 48. Rd7+ Kf6 49. Rd6+ Kf5 50. Rd5+ Kf6 51.
Rd6+ Ke7 52. Re6+ Kd8 53. Rd6+ Ke7 54. Re6+ Kf7 55. Rxa6 Rg3# 0-1

[Event "Late-Titled-Tuesday-Blitz-October-24-2023"]
[Site "Chess.com"]
[Date "2023.10.24"]
[Round "1"]
[White "DonJuanEGenaro"]
[Black "ChuckPhil"]
[Result "0-1"]
[WhiteElo "1840"]
[BlackElo "2531"]
[TimeControl "180+1"]
[EndTime "14:07:59 PDT"]
[Termination "ChuckPhil won on time"]

1. Nf3 d5 2. d4 Nf6 3. c4 e6 4.
Nc3 Bb4 5. e3 O-O 6. Bd2 c5 7.
a3 Bxc3 8. bxc3 Nc6 9. Bd3 dxc4 10. Bxc4 Qc7 11. Bd3 e5 12. Qc2 Bg4 13. Be4 Nxe4 14.
Qxe4 Bxf3 15. Qxf3 exd4 16. cxd4 cxd4 17. O-O Rad8 18. Rfc1 Qe5 19. Rab1 Rd7 20. e4 f5 21. exf5 Rxf5 22. Qh3 Rdf7 23. Rf1 h6 24. Rbe1 Qf6 25. Re2 Ne5 26. Qg3 d3 27. Re3 Rd7 28. Rfe1 Nc4 29. Re8+ Kh7 30. Rd1 Rf7 31. Be1 d2 32. Bxd2 Nxd2 33.
Qd3 Nf3+ 34. gxf3 Qg6+ 35. Kf1 Rg5 36. Qxg6+ Kxg6 37. Rd6+ Kh5 38. Ke2 Rgf5 39. Rd3 Rb5 40. Rde3 Rb2+ 41. Kf1 Rc7 42. Kg2 Rcc2 43. R3e5+ Kg6 44.
R8e6+ Kh7 45. Kg3 Rxf2 46. h4 Rg2+ 47. Kf4 Rh2 48. h5 Rh4+ 49. Kg3 Rbh2 50. Rg6 Rxh5 51. Rxh5 Rxh5 52. Re6 Ra5 0-1

[Event "Late-Titled-Tuesday-Blitz-October-24-2023"]
[Site "Chess.com"]
[Date "2023.10.24"]
[Round "1"]
[White "Veleamater"]
[Black "pedromartinez91"]
[Result "1-0"]
[WhiteElo "2334"]
[BlackElo "2618"]
[TimeControl "180+1"]
[EndTime "14:08:01 PDT"]
[Termination "Veleamater won on time"]

1. g3 Nf6 2. Bg2 e5 3. d3 d5 4. Nf3 Nc6 5. O-O Be7 6. Nc3 O-O 7. e4 dxe4 8. dxe4 Be6 9. h3 Qc8 10. g4 Rd8 11. Qe2 Nd4 12. Nxd4 Rxd4 13. Re1 Bc4 14. Qf3 Be6 15. Be3 Rd7 16. Rad1 Ne8 17. Nd5 Bf8 18. c4 c6 19. Bc1 Nd6 20. b3 b5 21. c5 Ne8 22. Ne3 Bxc5 23. Nf5 Bf8 24. Rxd7 Qxd7 25. Rd1 Qc7 26. Qe2 Rd8 27. Be3 a5 28. Rc1 Qd7 29. Bb6 Ra8 30. Qc2 g6 31. Ne3 a4 32. Qxc6 Qxc6 33. Rxc6 axb3 34. axb3 Bxb3 35. Nd5 Bh6 36. Bf1 Ra1 37. Kg2 Ra8 38. Bxb5 Bxd5 39. exd5 Bf8 40.
Bc4 Nd6 41. Be2 Ra2 42. Bf1 Rd2 43. Rc5 Rxf2+ 44. Kg1 Rd2 45. Bg2 f6 46. Rc6 Kf7 47.
Bc7 Ne8 48. Bb8 Rb2 49. Ba7 Bd6 50. Be4 Ke7 51. Be3 Rb7 52. h4 Rb4 53. Bf3 Rb3 54.
Kf2 Rb2+ 55. Be2 Nc7 56. h5 Nxd5 57. Bc1 Ra2 58. Ke1 1-0

[Event "Late-Titled-Tuesday-Blitz-October-24-2023"]
[Site "Chess.com"]
[Date "2023.10.24"]
[Round "1"]
[White "acertijo08"]
[Black "tdf98pantani"]
[Result "0-1"]
[WhiteElo "2349"]
[BlackElo "2652"]
[TimeControl "180+1"]
[EndTime "14:08:04 PDT"]
[Termination "tdf98pantani won on time"]

1. e4 c5 2. Nf3 d6 3. d4 cxd4 4.
Nxd4 a6 5. c4 Nf6 6. Nc3 e6 7.
Be2 b6 8. O-O Bb7 9. f3 Nbd7 10.
Be3 Be7 11. a4 O-O 12. a5 bxa5 13. Nb3 Rb8 14. Nxa5 Ba8 15. Qd2 Nc5 16. Rfd1 Qc7 17. b4 Ncd7 18. b5 Nc5 19. bxa6 Nxa6 20. Nb5 Qc8 21. Ba7 Rd8 22. Bxb8 Qxb8 23. Rdb1 Nc5 24. Nb3 d5 25. cxd5 exd5 26. exd5 Bxd5 27. Nxc5 Bxc5+ 28. Kh1 Be4 29. Qc1 Bxb1 30. Qxc5 Bg6 31. Qc7 h5 32.
Qxb8 Rxb8 33. Nd6 Rb2 34. Bc4 Rd2 35. Nb5 h4 36. h3 Nh5 37. Ra8+ Kh7 38. Ra1 Nf4 39.
Bf1 Bd3 40. Bxd3+ Rxd3 41. Ra4 g5 42. Ra1 Rd2 43. Nc3 Rxg2 44. Ne4 Kg7 45. Ra5 f6 46. Ra7+ Kg6 47. Ra6 Rc2 48. Rxf6+ Kg7 49. Rf5 Nxh3 50. Nxg5 Kg6 51. Nxh3 Kxf5 52. Ng1 Kf4 0-1

[Event "Late-Titled-Tuesday-Blitz-October-24-2023"]
[Site "Chess.com"]
[Date "2023.10.24"]
[Round "1"]
[White "Alphafischer2019"]
[Black "Mbneu"]
[Result "1-0"]
[WhiteElo "2603"]
[BlackElo "2257"]
[TimeControl "180+1"]
[EndTime "14:08:05 PDT"]
[Termination "Alphafischer2019 won on time"]

1. e4 e5 2. Nf3 Nc6 3. Nc3 d6 4. Bb5 Bd7 5. d4 exd4 6. Nxd4 Nge7 7.
O-O a6 8. Be2 Nxd4 9. Qxd4 Nc6 10.
Qd1 Be7 11. Nd5 Be6 12. Nf4 O-O 13. Nxe6 fxe6 14. Bc4 Qd7 15. Qg4 Rf6 16. Qe2 b5 17. Bb3 Nd4 18. Qd3 c5 19. c3 Nf3+ 20. gxf3 c4 21. Bxc4 bxc4 22. Qe2 e5 23. f4 Qh3 24. f3 exf4 25. Qxc4+ Kh8 26. Qe2 Raf8 27. Kh1 Rg6 28.
Bd2 Bf6 29. Rg1 Rxg1+ 30. Rxg1 Be5 31. b3 h6 32. Qg2 Qd7 33. c4 Rf6 34. Qg4 Qf7 35. Ba5 Qa7 36. Bb6 Qb7 37. Bf2 Rf7 38.
Qg6 Rf6 39. Qe8+ Kh7 40. Bh4 Qf7 41. Qxf7 Rxf7 42. Rd1 a5 43. Bf2 Rb7 44. c5 dxc5 45. Bxc5 Rc7 46. Rd5 Bf6 47. Kg2 Rb7 48. Rd2 Rc7 49.
Bb6 Rc1 50. Bxa5 Re1 51. Bb6 Bh4 52. Bf2 Bxf2 53. Kxf2 Ra1 54. Ke2 Kg6 55. Kd3 Kf6 56.
Kc4 g5 57. Kd5 h5 58. h3 Rf1 59. Rd3 1-0

[Event "Late-Titled-Tuesday-Blitz-October-24-2023"]
[Site "Chess.com"]
[Date "2023.10.24"]
[Round "1"]
[White "DvaHrasta"]
[Black "GMKrikor"]
[Result "1/2-1/2"]
[WhiteElo "2485"]
[BlackElo "2822"]
[TimeControl "180+1"]
[EndTime "14:08:07 PDT"]
[Termination "Game drawn by repetition"]

1. c4 c5 2. g3 Nc6 3. Bg2 g6 4. Nc3 Bg7 5. Nf3 d6 6. O-O e5 7. Ne1 Be6 8. Qa4 Ne7 9. Nc2 h5 10. Ne3 h4 11. Ned5 hxg3 12. fxg3 Bh3 13. Nxe7 Bxg2 14.
Kxg2 Qxe7 15. Nd5 Qd7 16. h4 f5 17. d3 f4 18. Rf3 g5 19. Bd2 Rc8 20. Rh1 Nd4 21.
Qxd7+ Kxd7 22. Rf2 gxh4 23. gxf4 Rcf8 24. e3 Nf5 25.
fxe5 Bxe5 26. Kh3 Bg3 27. Rf3 Ne7 28. Rhf1 Rxf3 29. Rxf3 Nxd5 30. cxd5 Rh7 31. e4 Be5 32. b3 b5 33. Bg5 Kc7 34. Bxh4 Kb6 35. Kg4 Rg7+ 36.
Bg5 Ka5 37. Kf5 Rf7+ 38. Kg4 Rh7 39. Bd2+ b4 40. Rh3 Rg7+ 41. Kf3 Rf7+ 42. Ke2 Bd4 43.
Be1 Kb5 44. Rh6 Be5 45. Re6 Rg7 46. Bf2 Rg2 47. Kf3 Rh2 48. Re8 Rh3+ 49. Ke2 Rh2 50. Kf3 Rh3+ 51. Ke2 a5 52. Rb8+ Ka6 53. Re8 Kb5 54.
Rb8+ Ka6 55. Re8 Rh5 56. Kf3 Rh3+ 57. Ke2 1/2-1/2

[Event "Late-Titled-Tuesday-Blitz-October-24-2023"]
[Site "Chess.com"]
[Date "2023.10.24"]
[Round "1"]
[White "Malev212"]
[Black "The_Princess_Moon"]
[Result "1/2-1/2"]
[WhiteElo "2641"]
[BlackElo "2354"]
[TimeControl "180+1"]
[EndTime "14:08:14 PDT"]
[Termination "Game drawn by repetition"]

1. d4 c5 2. d5 d6 3. Nc3 e5 4.
dxe6 Bxe6 5. e4 Nf6 6. f4 Nc6 7. f5 Bd7 8. Nf3 Ne5 9. Nxe5 dxe5 10. Bc4 Bc6 11. Qe2 Be7 12. O-O O-O 13. Kh1 h5 14.
Bg5 Ng4 15. Rad1 Qc7 16. f6 Bxf6 17. Bxf6 Nxf6 18. Rxf6 gxf6 19. Rd3 Rfd8 20. Rg3+ Kf8 21. Qxh5 b5 22. Bd5 b4 23. Qh7 Bxd5 24. Nxd5 Rxd5 25.
exd5 Ke7 26. h3 Rd8 27. Rg7 Rf8 28. Qe4 Kd6 29. Rg3 Qd7 30. Rf3 Ke7 31. c3 a5 32.
a3 bxa3 33. bxa3 Rb8 34. Rd3 Qd6 35. Rf3 a4 36. c4 Rb3 37. Kh2 Rxf3 38. gxf3 f5 39.
Qxf5 e4+ 40. f4 e3 41. Kg3 Qa6 42. Qe4+ Kd7 43. Kf3 Qa5 44. Qxe3 Qb6 45. Qd3 Qh6 46. Qf5+ Kc7 47. Qe5+ Kb6 48. Qf5 Qh4 49. Qg4 Qh7 50.
Qd7 Qd3+ 51. Kg4 Qg6+ 52. Kf3 Qd3+ 53. Kg2 Qe2+ 54. Kg3 Qd3+ 55. Kh4 Qh7+ 56. Kg3 Qd3+ 57. Kg4 Qg6+ 58. Kh4 Qh6+ 59. Kg4 Qg6+ 1/2-1/2

[Event "Late-Titled-Tuesday-Blitz-October-24-2023"]
[Site "Chess.com"]
[Date "2023.10.24"]
[Round "1"]
[White "zverr1"]
[Black "Dedic8"]
[Result "1-0"]
[WhiteElo "2511"]
[BlackElo "2857"]
[TimeControl "180+1"]
[EndTime "14:08:15 PDT"]
[Termination "zverr1 won by resignation"]

1. e4 e5 2. Nf3 Nc6 3. Bc4 Nf6 4.
Ng5 d5 5. exd5 Na5 6. Bb5+ c6 7. dxc6 bxc6 8. Be2 h6 9. Nh3 Bd6 10. d3 O-O 11. Nc3 c5 12. Bf3 Rb8 13. Ng1 Bd7 14.
Nge2 Nc6 15. O-O Qc7 16. Ng3 Nd4 17. Nge4 Nxe4 18. dxe4 Bc6 19. Nd5 Bxd5 20. exd5 f5 21. c3 Nxf3+ 22. Qxf3 e4 23. Qh3 c4 24. Rb1 Rb5 25. Rd1 Qb7 26. g3 Rxd5 27. Bxh6 gxh6 28. Qxh6 Rxd1+ 29. Rxd1 Be5 30. Qe6+ Qf7 31. Qxe5 Re8 32. Qd5 e3 33. fxe3 Rxe3 34. Qxf7+ Kxf7 35. Kf2 Re7 36.
Rd5 Kf6 37. Kf3 Re1 38. Rd2 Ke5 39. g4 Rf1+ 40. Kg2 Ra1 41. gxf5 Rxa2 42. Rf2 Kf6 43.
Kg3 a5 44. Kf4 a4 45. Ke3 a3 46. bxa3 Rxa3 47. Kd4 Ra4 48. Kc5 Kf7 49. Kb5 Ra1 50.
Kxc4 Rc1 51. f6 Rb1 52. h4 Rh1 53. Rf4 Rh3 54. Kd4 Rh1 55. c4 Rd1+ 56. Kc5 Rc1 57. Kb5 Ra1 58. Kc6 Rb1 59. c5 Rc1 60. Kd6 Rd1+ 61.
Kc7 Rf1 62. Rxf1 1-0